 Dungeon Crawl Stone Soup version 0.31-a0-102-g33a4ccc0cb (webtiles) character file.

Game seed: 17885807064436927401

65 LnG the Caller (level 4, -1/24 HPs)
             Began as a Kobold Summoner on Jan 5, 2023.
             Slain by Crazy Yiuf
             ... wielding a +3 quarterstaff of chaos
              (15 damage)
             ... on level 2 of the Dungeon on May 26, 2023.
             The game lasted 00:09:43 (1963 turns).

LnG the Caller (Kobold Summoner)                    Turns: 1963, Time: 00:09:43

Health: -1/24      AC:  3    Str:  5    XL:     4   Next: 34%
Magic:  4/7        EV: 15    Int: 18    God:
Gold:   144        SH:  0    Dex: 15    Spells: 2/8 levels left

rFire   . . .        d - +0 dagger
rCold   . . .        (no shield)
rNeg    . . .        a - +0 robe
rPois   .            (no helmet)
rElec   .            n - +0 cloak
rCorr   .            (no gloves)
SInv    .            (no boots)
Will    .....        (no amulet)
Stlth   +++          (no ring)
HPRegen 0.24/turn    (no ring)
MPRegen 0.10/turn

%: no passive effects
@: no status effects
A: small, no large weapons, nightstalker 3
a: no special abilities


You were on level 2 of the Dungeon.
You visited 1 branch of the dungeon, and saw 2 of its levels.

You collected 144 gold pieces.

Inventory:

Hand Weapons
 d - a +0 dagger (weapon)
 m - a +4 long sword of freezing
Armour
 a - a +0 robe (worn)
 n - a +0 cloak (worn)
Scrolls
 e - 3 scrolls of identify {unknown}
 f - a scroll of torment {unknown}
 g - a scroll of silence {unknown}
 i - a scroll of teleportation {unknown}
 k - a scroll of immolation {unknown}
 l - a scroll of blinking {unknown}
Potions
 b - a potion of magic
 c - 2 potions of curing {unknown}
 h - a potion of attraction {unknown}
 j - a potion of mutation {unknown}


   Skills:
 + Level 0.5 Fighting
 + Level 0.6 Short Blades
 * Level 3.0 Dodging
 * Level 3.6 Stealth
 + Level 2.5 Spellcasting
 + Level 4.7 Summonings


You had 2 spell levels left.
You knew the following spells:

 Your Spells              Type           Power      Damage    Failure   Level
a - Summon Small Mammal   Summ           76%        N/A       2%          1
b - Call Imp              Summ           38%        N/A       3%          2
c - Call Canine Familiar  Summ           19%        N/A       8%          3

Your spell library contained the following spells:

 Spells                   Type           Power      Damage    Failure   Level
 Summon Guardian Golem    Hex/Summ       9%         N/A       22%         3
 Summon Lightning Spire   Summ/Air       9%         N/A       58%         4


Dungeon Overview and Level Annotations

Branches:
Dungeon (2/15)

Altars:

Annotations:
D:2 Crazy Yiuf


Innate Abilities, Weirdness & Mutations

You are small and have problems with some larger weapons.
You are completely attuned to the shadows.


Message History

Your hound bites the quokka but does no damage.
You hit the quokka but do no damage.
Your hound completely misses the quokka.
The quokka misses you.
You closely miss the quokka.
Your hound bites the quokka.
The quokka bites you.
Your hound bites the quokka.
The quokka bites your hound.
You hit the quokka but do no damage.
The quokka is severely wounded.
Your hound barely misses the quokka.
The quokka closely misses you.
You hit the quokka.
You kill the quokka!
The frilled lizard hisses angrily.
The frilled lizard bites your hound.
Your hound bites the frilled lizard.
The frilled lizard dies!
You see here a quokka corpse.
There is a stone staircase leading down here.
You swap places.
Your hound disappears in a puff of smoke!
Found a runed translucent door.
Found a hammer.
You open the door.
There is an open translucent door here.
The helpless Crazy Yiuf fails to defend himself.
You puncture Crazy Yiuf!
Crazy Yiuf is severely wounded.
Crazy Yiuf drinks a potion.
Crazy Yiuf suddenly seems more resistant.
Casting: Call Canine Familiar (quite dangerous; 8% risk of failure)
Confirm with . or Enter, or press ? or * to list all spells.
The spell is quite dangerous to miscast (8% risk of failure)!
Continue anyway?
Crazy Yiuf hits you with a +3 quarterstaff of chaos!
You hit Crazy Yiuf.
Crazy Yiuf is severely wounded.
Your hound bites Crazy Yiuf but does no damage.
You hit Crazy Yiuf.
Crazy Yiuf is almost dead.
Crazy Yiuf hits you with a +3 quarterstaff of chaos!
Ouch! That really hurt!
You die...

#.# ♣...♣♣ #.# ♣♣.♣♣
#.# ♣.♣♣ #.# ♣♣.♣ #.#
♣.♣♣ #.# ♣♣.♣ #####.#
##'## #.....# #...#
#.....# #.@.# #....†#
#.gh# #.....# ##### #
#†>...# ### #.....#
####### ..###.....#
#.....# #...#.....#
#.#...# ##......####
#.#...#
...###.....####.#...#


You could see Crazy Yiuf (resistant, ally target) and a friendly hound
(summoned).

Vanquished Creatures
  2 dart slugs (D:1)
  2 ball pythons (D:1)
  2 endoplasms (D:2)
  A giant cockroach (D:1)
  2 goblins (D:2)
  2 hobgoblins
  2 quokkas (D:2)
  3 bats (D:1)
  5 frilled lizards
  A rat (D:1)
22 creatures vanquished.

Vanquished Creatures (collateral kills)
  2 adders (D:2)
  A dart slug (D:1)
  A bat (D:1)
  3 goblins
  A hobgoblin (D:2)
  A quokka (D:2)
  2 ball pythons (D:1)
  5 frilled lizards (D:2)
  2 kobolds (D:2)
  A rat (D:1)
19 creatures vanquished.

Grand Total: 41 creatures vanquished

Notes
Turn   | Place    | Note
-------+----------+-------------------------------------------
     0 | D:1      | LnG the Kobold Summoner began the quest for the Orb.
     0 | D:1      | Reached XP level 1. HP: 10/10 MP: 3/3
    31 | D:1      | Upgraded the game from 0.30-a0-591-g3c58d2bc28 to
                  | 0.30-a0-596-g0af90f9a20
   151 | D:1      | Reached XP level 2. HP: 7/15 MP: 3/5
   154 | D:1      | Learned a level 2 spell: Call Imp
   314 | D:1      | You fall into a shaft and drop 1 floor!
   360 | D:2      | Reached XP level 3. HP: 19/19 MP: 2/6
   364 | D:2      | Learned a level 3 spell: Call Canine Familiar
  1477 | D:2      | Reached XP level 4. HP: 6/24 MP: 1/7
  1572 | D:2      | Upgraded the game from 0.30-a0-596-g0af90f9a20 to
                  | 0.30-a0-618-gd6c86c23d0
  1575 | D:2      | Upgraded the game from 0.30-a0-618-gd6c86c23d0 to
                  | 0.30-a0-622-gddc90eaa04
  1575 | D:2      | Upgraded the game from 0.30-a0-622-gddc90eaa04 to
                  | 0.30-a0-626-gd6a5dd7a1f
  1575 | D:2      | Upgraded the game from 0.30-a0-626-gd6a5dd7a1f to
                  | 0.31-a0-102-g33a4ccc0cb
  1952 | D:2      | Found a runed translucent door.
  1955 | D:2      | Noticed Crazy Yiuf
  1963 | D:2      | Slain by Crazy Yiuf

Illustrated notes

Levels and vault maps discovered:
D:1:      minmay_arrival_radiant_lines, layout_loops_cross,
          serial_co_window_serial, co_window_corner_a, co_window_paths_a,
          co_window_corner_a, co_window_corner_a, co_window_paths_a,
          co_window_paths_c, co_window_cross_2, co_window_paths_c,
          co_window_of_opportunity_c, co_window_4corner_a, glass_columns_a
D:2:      layout_rooms, minmay_lizard_pond, uniq_crazy_yiuf_cottage

Skill      XL: |  1  2  3  4 |
---------------+-------------+-----
Stealth        | 3 |  3.6
Dodging        | 3 |  3.0
Fighting       | |  0.5
Short Blades   | |  0.6
Spellcasting   | |  2.5
Summonings     | |  4.7

Action                     |  1- 3 |  4- 6 || total
---------------------------+-------+-------++-------
  Melee: Unarmed           |    32 |       ||    32
         Dagger            |    51 |    24 ||    75
   Cast: Summon Small Mamm |    15 |     1 ||    16
         Call Imp          |     3 |       ||     3
         Call Canine Famil |     1 |     3 ||     4
   Stab: Sleeping          |    10 |     2 ||    12
         Distracted        |     1 |       ||     1
 Armour: Robe              |    20 |     2 ||    22
  Dodge: Dodged            |   102 |    11 ||   113

Table legend: (Time is in decaauts)
 A = Elapsed time spent in this place.
 B = Non-inter-level travel time spent in this place.
 C = Inter-level travel time spent in this place.
 D = Time resting spent in this place.
 E = Time spent auto-exploring this place.
 F = Levels seen in this place.
 G = Mean time per level.
                   A        B        C        D        E       F      G
               +--------+--------+--------+--------+--------+-----+--------+
         Total |   1961 |   1914 |     47 |      8 |   1566 |   2 |  980.5 |
       Dungeon |   1961 |   1914 |     47 |      8 |   1566 |   2 |  980.5 |
               +--------+--------+--------+--------+--------+-----+--------+

Top non-repeatable levels by time:
     D:1: 1184 daAuts
     D:2: 776 daAuts
